Map: Ley Lines

Players

KimChiLoVer - Winner!

  • Race: Terran Terran
  • League: Diamond
  • Spawn Location: 1:00

A.I. 1 (Elite)

  • Race: Zerg Zerg
  • Spawn Location: 7:00

VOD

Have the link to the VOD?

Description

Time

  • Played on: Aug. 30, 2025, 10:59 p.m.
  • Length: 9:56
Show
View Real Time Build Order
Export as new Build Order

KimChiLoVer Terran - Winner!

Build Orders: Reaper Expand 

Get SALT Encoding   

  12  0:00  SCV  
  13  0:12  SCV  
  14  0:17  Supply Depot  
  14  0:24  SCV  
  15  0:38  SCV  
  15  0:39  Barracks  
  16  0:43  Refinery  
  16  0:50  SCV  
  17  1:02  SCV  
  18  1:16  SCV  
  19  1:28  Reaper  
  19  1:29  Orbital Command  
  20  1:41  Command Center  
  20  1:49  Supply Depot  
  20  1:55  SCV  
  21  2:01  Marine  
  22  2:14  Factory  
  22  2:17  SCV  
  23  2:23  Barracks Reactor  
  23  2:42  SCV  
  24  2:45  Command Center  
  24  2:54  SCV  
  24  2:57  Orbital Command  
  25  2:59  Barracks  
  25  3:06  SCV  
  25  3:08  Barracks Tech Lab  
  25  3:10  Hellion  
  28  3:16  Hellion  
  28  3:19  SCV  
  31  3:25  SCV  
  32  3:31  Stimpack, SCV  
  33  3:35  Refinery  
  33  3:43  SCV  
  33  3:44  SCV  
  35  3:49  Marine  
  35  3:54  Starport  
  35  3:55  SCV  
  37  3:56  Marine x2  
  37  4:00  Orbital Command  
  40  4:02  SCV  
  40  4:03  Supply Depot  
  40  4:10  Engineering Bay  
  40  4:12  Engineering Bay  
  40  4:13  SCV  
  40  4:15  SCV  
  40  4:16  Marine  
  43  4:17  Factory Reactor  
  43  4:24  Marine x2  
  43  4:27  Supply Depot, SCV  
  46  4:32  Refinery  
  46  4:40  SCV  
  46  4:43  SCV  
  46  4:44  SCV  
  49  4:50  Supply Depot  
  49  4:52  SCV  
  50  4:56  SCV x2  
  52  5:04  Refinery, SCV  
  52  5:05  Medivac x2  
  52  5:06  Marine x2  
  59  5:10  Factory Tech Lab, Barracks  
  59  5:13  Barracks x2  
  59  5:14  Orbital Command  
  59  5:19  Supply Depot  
  59  5:21  Supply Depot  
  59  5:22  SCV  
  59  5:26  Combat Shield  
  60  5:30  Marine x3  
  60  5:32  Siege Tank  
  60  5:35  SCV x2  
  68  5:48  Marine  
  69  5:56  Supply Depot, Marine  
  69  5:57  Marine  
  72  6:05  Barracks Reactor  
  72  6:06  Siege Tank, Marine  
  72  6:07  Marine x2  
  72  6:08  Barracks Reactor  
  72  6:09  Starport Reactor  
  77  6:11  Terran Infantry Armor Level 1, Terran Infantry Weapons Level 1  
  77  6:14  Marine x2  
  79  6:23  Marine  
  79  6:25  Marine x2  
  82  6:28  SCV  
  82  6:31  SCV x2  
  82  6:32  Marine x2  
  86  6:33  Supply Depot  
  86  6:35  Supply Depot  
  86  6:40  SCV  
  86  6:41  Marine  
  86  6:42  Marine x2  
  86  6:43  SCV  
  89  6:47  Marine x4  
  89  6:48  Siege Tank  
  89  6:50  Marine x2  
  89  6:51  Medivac x2  
  102  6:55  Barracks  
  102  6:59  Marine  
  102  7:00  Marine  
  104  7:03  Barracks  
  104  7:06  SCV x3  
  107  7:11  Marine x2  
  107  7:12  Marine  
  107  7:13  Marine, Barracks  
  111  7:25  Marine x5  
  111  7:26  Medivac x2  
  111  7:29  Supply Depot, Marine  
  121  7:32  Supply Depot  
  121  7:42  Supply Depot  
  121  7:43  Supply Depot  
  121  7:44  Barracks Reactor  
  121  7:49  Marine x6  
  127  7:51  Barracks Reactor  
  127  7:56  Marine x3  
  130  7:59  Siege Tank  
  130  8:05  Barracks Reactor  
  133  8:07  Marine x6  
  135  8:13  Marine x2  
  124  8:31  Siege Tank  
  124  8:33  Marine  
  124  8:34  Marine x12  
  140  8:43  Marine x2  
  142  8:51  Marine x2  
  144  8:59  Marine x7  
  144  9:00  Marine x4  
  144  9:01  Marine x2  
  156  9:03  Siege Tank  
  156  9:09  Marine x2  
  160  9:17  Marine  
Show
View Real Time Build Order
Export as new Build Order

A.I. 1 (Elite) Zerg 

Build Orders: Pool First 

Get SALT Encoding   

  12  0:00  Drone  
  13  0:12  Overlord  
  13  0:17  Drone  
  14  0:30  Drone  
  14  0:31  Drone  
  14  0:34  Drone  
  17  0:46  Spawning Pool  
  17  0:48  Drone  
  17  1:10  Drone, Hatchery  
  17  1:14  Extractor  
  17  1:16  Drone  
  17  1:20  Drone  
  18  1:28  Drone  
  19  1:38  Overlord  
  19  1:44  Queen  
  21  1:49  Zergling x2  
  22  2:00  Drone  
  23  2:11  Drone  
  24  2:19  Queen  
  24  2:21  Drone  
  27  2:27  Roach Warren  
  26  2:31  Drone  
  26  2:35  Zergling x2  
  27  2:39  Drone  
  27  2:43  Zergling x2  
  29  2:45  Zergling x2  
  29  2:50  Overlord  
  30  2:55  Drone  
  30  2:57  Drone  
  32  3:00  Drone  
  32  3:03  Drone  
  34  3:08  Roach  
  36  3:13  Roach  
  36  3:17  Roach  
  40  3:20  Roach  
  40  3:24  Overlord  
  42  3:28  Drone  
  42  3:29  Drone  
  44  3:34  Overlord  
  44  3:39  Overlord  
  44  3:43  Roach  
  44  3:45  Roach  
  50  3:48  Roach  
  50  3:51  Roach  
  50  3:55  Roach  
  54  3:57  Roach  
  54  4:01  Roach  
  58  4:03  Roach  
  58  4:06  Drone  
  58  4:08  Drone  
  62  4:10  Drone  
  62  4:12  Drone  
  62  4:14  Extractor  
  62  4:16  Drone  
  64  4:21  Overlord  
  64  4:24  Overlord  
  64  4:27  Drone  
  64  4:29  Drone  
  64  4:30  Drone  
  67  4:33  Drone  
  68  4:39  Roach x2  
  68  4:41  Roach  
  68  4:44  Roach  
  76  4:48  Overlord  
  76  4:50  Drone  
  76  4:51  Drone  
  78  4:58  Drone x2, Overlord  
  80  5:04  Lair  
  82  5:07  Roach  
  82  5:09  Roach  
  82  5:12  Roach  
  86  5:14  Roach  
  86  5:17  Overlord  
  86  5:19  Drone  
  89  5:22  Drone  
  90  5:29  Drone  
  90  5:30  Drone  
  90  5:31  Drone  
  90  5:33  Drone  
  94  5:36  Overlord  
  94  5:42  Extractor  
  94  5:43  Drone  
  94  5:44  Extractor  
  94  5:45  Drone  
  94  5:51  Evolution Chamber  
  94  5:52  Drone  
  94  5:57  Evolution Chamber, Hatchery  
  94  6:04  Drone, Hydralisk Den  
  92  6:06  Drone x4  
  92  6:08  Drone  
  92  6:10  Drone  
  98  6:18  Zerg Ground Armor Level 1, Ravager  
  99  6:22  Baneling Nest, Zergling x2  
  99  6:23  Zerg Missile Weapons Level 1, Drone  
  99  6:32  Hydralisk  
  99  6:33  Ravager  
  99  6:37  Hydralisk, Overlord  
  99  6:39  Zergling x2  
  104  6:41  Hydralisk  
  104  6:46  Hydralisk  
  108  6:51  Hydralisk  
  110  6:55  Hydralisk  
  110  6:56  Overlord  
  112  7:03  Spine Crawler  
  112  7:05  Spine Crawler  
  112  7:06  Drone  
  112  7:08  Baneling  
  111  7:10  Drone x4  
  111  7:11  Drone x2  
  111  7:13  Drone  
  111  7:15  Drone  
  119  7:16  Drone  
  119  7:17  Spire  
  119  7:18  Drone  
  119  7:20  Extractor  
  119  7:21  Drone  
  120  7:24  Overlord  
  120  7:26  Drone  
  120  7:28  Drone  
  122  7:30  Drone  
  122  7:33  Baneling  
  122  7:34  Drone  
  122  7:36  Drone, Baneling x2, Zergling x2  
  126  7:38  Drone  
  126  7:39  Drone  
  126  7:40  Drone  
  126  7:42  Drone  
  126  7:43  Drone  
  131  7:45  Overlord, Overseer  
  131  7:46  Drone  
  131  7:49  Drone  
  133  7:52  Drone, Baneling  
  133  7:55  Baneling  
  133  7:56  Zergling x2  
  135  7:59  Drone, Glial Reconstitution  
  135  8:02  Pneumatized Carapace  
  135  8:03  Zergling x2  
  137  8:07  Baneling x2, Overlord  
  137  8:08  Zergling x4  
  137  8:09  Zergling x2  
  137  8:11  Zergling x4  
  137  8:12  Zergling x4  
  140  8:13  Hydralisk  
  140  8:19  Roach  
  102  8:22  Roach  
  102  8:24  Roach  
  92  8:28  Overseer  
  92  8:29  Roach  
  92  8:32  Extractor, Hydralisk  
  95  8:34  Hydralisk  
  95  8:39  Zergling x2  
  95  8:40  Roach, Zergling x4  
  95  8:44  Zergling x8  
  95  8:46  Zergling x2  
  100  8:50  Overseer  
  100  8:52  Roach  
  100  8:54  Zergling x2  
  95  8:56  Spore Crawler, Roach  
  95  8:59  Spore Crawler  
  95  9:02  Drone  
  77  9:04  Baneling  
  77  9:05  Drone, Baneling x6  
  77  9:06  Baneling x5  
  77  9:07  Baneling x2, Zergling x2  
  66  9:11  Hydralisk, Zergling x4  
  66  9:12  Mutalisk  
  66  9:14  Baneling  
  66  9:15  Zergling x2  
  66  9:16  Drone, Roach  
Tags
 
Add a new tag
Caveats
  • Supply blocks, unpowered buildings, or Contaminate may cause inaccurate times.
  • Supply counts are checked every 10 seconds.